 Dungeon Crawl Stone Soup version 0.16-b1 (webtiles) character file.

55974 Tolias the Grappler (level 14, 0/140 HPs)
             Began as a Troll Conjurer on Mar 14, 2015.
             Was the Champion of Makhleb.
             Slain by a yak (15 damage)
             ... on level 7 of the Lair of Beasts.
             The game lasted 00:56:49 (20523 turns).

Tolias the Grappler (Troll Conjurer)               Turns: 20523, Time: 00:56:49

Health: 0/140      AC: 10    Str: 19    XL:     14   Next: 40%
Magic:  21/21      EV: 15    Int: 11    God:    Makhleb [******]
Gold:   848        SH:  0    Dex: 14    Spells: 3 memorised, 10 levels left

rFire  + . .     SeeInvis .       - Unarmed
rCold  . . .     Clarity  .     D - +2 robe {MR+}
rNeg   . . .     SustAb   +     (shield restricted)
rPois  .         Gourm    +     (helmet restricted)
rElec  .         Spirit   .     n - +2 cloak {+Inv}
rCorr  .         Warding  .     (gloves unavailable)
rMut   .         Stasis   .     (boots unavailable)
MR     ++...                    x - amulet of regeneration
Stlth  ++........               e - ring of sustain abilities
                                I - ring of protection from fire

@: lethally poisoned (0 -> -11), very resistant to hostile enchantments,
unstealthy
A: unfitting armour, claws 3, fast metabolism 3, gourmand, regeneration 2,
shaggy fur 1, tough skin 2
a: Minor Destruction, Lesser Servant of Makhleb, Major Destruction, Greater
Servant of Makhleb, Renounce Religion, Evoke Invisibility


You were on level 7 of the Lair of Beasts.
You worshipped Makhleb.
Makhleb was exalted by your worship.
You were very full.

You visited 2 branches of the dungeon, and saw 19 of its levels.
You also visited: Ice Cave and Volcano.

You collected 1299 gold pieces.
You spent 451 gold pieces at shops.

Inventory:

Hand weapons
 w - a +6 blowgun
Missiles
 k - 11 tomahawks
 l - 58 poisoned needles
 C - 2 javelins (quivered)
 G - 4 poisoned tomahawks
 R - 4 throwing nets {=f}
 T - 5 curare-tipped needles
 Z - 2 large rocks
Armour
 i - a +1 animal skin of fire resistance
 n - a +2 cloak of invisibility (worn)
 D - a +2 robe of magic resistance (worn)
 K - a +0 troll leather armour
 P - the +3 hat of Pondering {ponderous, MR+ MP+10 Int+5}
   (You took it off Gastronok on level 1 of the Lair of Beasts)

   It affects your intelligence (+5).
   It affects your resistance to hostile enchantments.
   It affects your magic capacity (+10).
Jewellery
 e - a ring of sustain abilities (right claw)
 f - an uncursed ring of teleportation
 x - an amulet of regeneration (around neck)
 I - a ring of protection from fire (left claw)
 J - an uncursed ring of flight
Magical devices
 c - a wand of digging (7)
 g - a wand of hasting (3)
 z - a wand of cold (8)
 A - a wand of disintegration (11)
 M - a wand of enslavement (13)
 O - a wand of lightning (5)
 X - a wand of digging (6)
 Y - a wand of disintegration (12)
Scrolls
 h - 2 scrolls of summoning
 j - 4 scrolls of recharging
 s - 10 scrolls of remove curse
 t - 3 scrolls of fog
 y - 2 scrolls of enchant armour
 W - 4 scrolls of teleportation
Potions
 a - 6 potions of brilliance
 d - 4 potions of agility
 o - 11 potions of curing
 q - 4 potions of resistance
 u - 3 potions of might
 B - 3 potions of cancellation
 E - 2 potions of cure mutation
 F - a potion of restore abilities
 H - a potion of magic {unknown}
 N - a potion of heal wounds
 V - 2 potions of haste
Miscellaneous
 r - a box of beasts {used: 1}
Comestibles
 b - 8 meat rations
 m - 3 slices of pizza
 p - 11 bread rations
 v - 9 beef jerkies
 L - 19 fruits
 Q - 2 chunks of flesh {@w1}


   Skills:
 + Level 9.5 Fighting
 - Level 11.1 Throwing
 - Level 9.0 Dodging
 - Level 1.1 Stealth
 - Level 11.3 Unarmed Combat
 - Level 1.2 Spellcasting
 - Level 2.9 Conjurations
 + Level 7.4 Invocations
 + Level 8.1 Evocations


You had 10 spell levels left.
You knew the following spells:

 Your Spells              Type           Power        Failure   Level  Hunger
e - Magic Dart            Conj           #...         12%         1    ##.....
q - Blink                 Tloc           N/A          56%         2    ###....
v - Repel Missiles        Chrm/Air       #.....       56%         2    ###....


Dungeon Overview and Level Annotations

Branches:
Dungeon (11/15)            Temple (0/1) D:7            Lair (8/8) D:10
 Shoals (0/5) Lair:4        Snake (0/5) Lair:4          Orc (0/4) D:9
  Slime: Lair:6-8

Altars:
Fedhas
Kikubaaqudgha
Makhleb
Qazlal
Xom

Shops:
D:6 !   D:9 :((=

Annotations:
D:8 exclusion: orange crystal statue


Innate Abilities, Weirdness & Mutations

You are too large for most types of armour.
You have claws for hands.
Your metabolism is lightning-fast.
You like to eat raw meat.
You heal very quickly.
You are covered in fur (AC +1).
You have very tough skin (AC +2).


Message History

Unknown command.
Evoke which item? (* to show all) (? for menu, Esc to quit)
Okay, then.
Unknown command.
Drink which item? (? for menu, Esc to quit)
Okay, then.
Unknown command.
Use which ability? (? or * to list)
Okay, then.
Unknown command.
Saving game... please wait.
Welcome back, Tolias the Troll Conjurer.
Blood and souls for Makhleb!
Press ? for a list of commands and other information.
Read which item? (? for menu, Esc to quit)
Okay, then.
Unknown command.
You feel very sick. The yak closely misses you. The yak gores you!
You die...

....##....#.##............##.###
P.........#........#.....##....##
......†............#.#...###.P..#
.##.##.............##...#####...#
#.###.#..PP.P..........## #.....#
#...#†##P.PPP......P....####....#
#.....##P.PP....#......#.##.....#
......##........#.P.....#.##....#
÷.....##........@Y#..........####
#....##......#..YYP....(.#P...###
##..####.....#...FY.....####....#
####†.#......#.........#..#.#.###
#.####......#............#÷..#.#
....P.....#.#.............#.####
...P..P..####P..............##
.......P.# #..............#.#
.#.#...PP####P...........#####


You could see 4 yaks and a spiny frog.

Vanquished Creatures
  Gastronok (Lair:1)
  An ice dragon (Lair:6)
  Harold (D:11)
  7 hydras
  An unseen horror (D:10)
  An ice statue (IceCv)
  Erolcha (D:10)
  2 hill giants
  A necromancer (IceCv)
  The ghost of stickyfingers the Cleaver, an experienced HOWn of Fedhas (D:6)
  3 ugly things
  A manticore (D:11)
  A cyclops (D:11)
  8 elephants
  Maurice (D:9)
  Joseph (D:10)
  A queen ant (Lair:7)
  3 black mambas
  2 centaur skeletons
  A torpor snail (Lair:7)
  Psyche (D:10)
  5 spiny frogs
  5 komodo dragons
  A yaktaur (D:11)
  A tengu conjurer (D:11)
  5 fire drakes
  7 freezing wraiths (IceCv)
  2 trolls (D:11)
  3 polar bears
  18 blink frogs
  A two-headed ogre (D:11)
  A wolf spider simulacrum (IceCv)
  2 basilisks
  A shadow (D:11)
  45 yaks
  2 wyverns
  5 deep elf magi
  A fire elemental (Volcano)
  10 hippogriffs
  A steam dragon (Lair:5)
  2 death yak simulacra (IceCv)
  20 wolves
  6 water moccasins
  5 nagas (Lair:4)
  18 soldier ants (Lair:7)
  A sky beast (D:9)
  4 porcupines
  3 black bears
  11 ice beasts
  2 eyes of draining
  3 orc warriors
  A wasp (D:11)
  8 ogres
  3 phantoms
  8 centaurs
  2 necrophages
  12 giant frogs
  4 big kobolds
  A brain worm (D:11)
  Blork the orc (D:5)
  8 crocodiles
  3 jellies
  A scorpion (D:10)
  8 wights
  2 goliath beetles (D:7)
  5 crimson imps
  3 draconian simulacra (IceCv)
  A giant frog zombie (D:11)
  7 hounds
  2 giant frog skeletons
  3 quasits
  9 iguanas
  2 orc priests
  4 orc wizards
  2 spriggan simulacra (IceCv)
  A wolf simulacrum (IceCv)
  21 worker ants
  4 troll simulacra (IceCv)
  5 centaur simulacra (IceCv)
  32 sheep
  2 hound skeletons
  A hound zombie (D:5)
  4 naga simulacra (IceCv)
  7 gnolls
  An ogre simulacrum (IceCv)
  A giant mite (D:4)
  28 adders
  4 shadow imps
  10 white imps (IceCv)
  55 river rats
  3 worms
  2 adder skeletons
  3 giant geckos
  An ooze (D:2)
  30 orcs
  9 giant cockroaches
  18 hobgoblins
  13 jackals
  12 quokkas
  13 bats
  6 giant newts
  A giant spore (D:9)
  17 goblins
  31 kobolds
  A quokka skeleton (D:4)
  2 quokka zombies
  20 rats
  6 ballistomycetes (D:9)
  A plant (D:10)
696 creatures vanquished.

Vanquished Creatures (collateral kills)
  Maud (Lair:7)
  2 hydras (Lair:7)
  3 freezing wraiths (IceCv)
  2 soldier ants (Lair:7)
  A porcupine (Lair:7)
  A crocodile (Lair:7)
  3 worker ants (Lair:7)
  A naga simulacrum (IceCv)
  2 white imps (IceCv)
16 creatures vanquished.

Vanquished Creatures (others)
  A necromancer (IceCv)
  A manticore (Volcano)
  A toenail golem (Volcano)
  A smoke demon (IceCv)
  2 hellwings (IceCv)
  2 ynoxinuls (IceCv)
  A giant frog skeleton (D:11)
  4 ufetubi (IceCv)
  4 fungi
  4 plants
21 creatures vanquished.

Grand Total: 733 creatures vanquished

Notes
Turn   | Place    | Note
--------------------------------------------------------------
     0 | D:1      | Tolias, the Troll Conjurer, began the quest for the Orb.
     0 | D:1      | Reached XP level 1. HP: 16/16 MP: 2/2
    48 | D:1      | Reached skill level 1 in Unarmed Combat
   285 | D:1      | Reached XP level 2. HP: 24/24 MP: 2/2
   916 | D:2      | Reached XP level 3. HP: 18/31 MP: 3/3
   959 | D:2      | Reached skill level 3 in Unarmed Combat
  1547 | D:2      | Reached XP level 4. HP: 33/39 MP: 4/4
  1933 | D:3      | Reached skill level 1 in Throwing
  1985 | D:3      | Reached skill level 4 in Unarmed Combat
  2306 | D:3      | Reached XP level 5. HP: 42/45 MP: 4/4
  2800 | D:4      | Noticed an ogre
  2814 | D:4      | Killed an ogre
  2814 | D:4      | Reached skill level 5 in Unarmed Combat
  2814 | D:4      | Reached XP level 6. HP: 53/53 MP: 5/5
  3332 | D:5      | Entered Level 5 of the Dungeon
  3417 | D:5      | Got a warped robe
  3428 | D:5      | Identified the +1 robe "Brehoc" {rPois MR+ Dex-5} (You took it off a kobold on level 5 of the Dungeon)
  3478 | D:5      | Reached XP level 7. HP: 27/59 MP: 5/5
  3635 | D:5      | Reached skill level 6 in Unarmed Combat
  3896 | D:5      | Noticed Blork the orc
  3932 | D:5      | Killed Blork the orc
  3983 | D:5      | Reached skill level 1 in Fighting
  4111 | D:5      | Found a burning altar of Makhleb.
  4119 | D:5      | Became a worshipper of Makhleb the Destroyer
  4310 | D:5      | Reached skill level 5 in Throwing
  4466 | D:6      | Reached XP level 8. HP: 40/74 MP: 6/6
  4619 | D:6      | Acquired Makhleb's first power
  4641 | D:6      | Noticed a deep elf mage
  4649 | D:6      | Killed a deep elf mage
  4905 | D:6      | Found Jacwiash's Distillery.
  4908 | D:6      | Bought a potion of heal wounds for 55 gold pieces
  4908 | D:6      | Bought a potion of heal wounds for 55 gold pieces
  4908 | D:6      | Bought a potion of heal wounds for 55 gold pieces
  4908 | D:6      | Bought a potion of berserk rage for 55 gold pieces
  4984 | D:6      | Noticed stickyfingers' ghost (experienced HOWn)
  4995 | D:6      | Killed stickyfingers' ghost
  4995 | D:6      | Reached skill level 5 in Fighting
  4995 | D:6      | Reached skill level 7 in Unarmed Combat
  4995 | D:6      | Reached XP level 9. HP: 88/88 MP: 7/7
  5304 | D:7      | Found a staircase to the Ecumenical Temple.
  5456 | D:7      | Acquired Makhleb's second power
  5459 | D:7      | Reached skill level 8 in Unarmed Combat
  5979 | D:7      | Found a burning altar of Makhleb.
  5980 | D:7      | Found an ancient bone altar of Kikubaaqudgha.
  5992 | D:7      | Found a shimmering altar of Xom.
  5993 | D:7      | Found a blossoming altar of Fedhas.
  5996 | D:7      | Found a stormy altar of Qazlal.
  6823 | D:8      | Reached skill level 9 in Unarmed Combat
  7216 | D:8      | Noticed an orange crystal statue
  7232 | D:8      | Acquired Makhleb's third power
  7289 | D:8      | Reached XP level 10. HP: 102/102 MP: 7/7
  7417 | D:9      | Reached skill level 1 in Invocations
  7506 | D:9      | Reached skill level 10 in Unarmed Combat
  7554 | D:9      | Found Groafrif's Antique Weapon Shoppe.
  7699 | D:9      | Found Twaikk's Jewellery Shoppe.
  7710 | D:9      | Bought a cursed amulet of inaccuracy for 28 gold pieces
  7711 | D:9      | Bought a cursed ring of teleportation for 203 gold pieces
  7776 | D:9      | Found Basaq's Weapon Shoppe.
  7857 | D:9      | Reached skill level 1 in Evocations
  7990 | D:9      | Found a staircase to the Orcish Mines.
  8117 | D:9      | Noticed Maurice
  8138 | D:9      | Killed Maurice
  8207 | D:9      | Found Olem's Book Shop.
  8475 | D:10     | Entered Level 10 of the Dungeon
  8487 | D:10     | Noticed Erolcha
  8518 | D:10     | Killed Erolcha
  8559 | D:10     | Found a staircase to the Lair.
  8618 | D:10     | Noticed Joseph
  8639 | D:10     | Killed Joseph
  8698 | D:10     | Acquired Makhleb's fourth power
  8728 | D:10     | Reached skill level 11 in Unarmed Combat
  8803 | D:10     | Killed an unseen horror
  8915 | D:10     | Reached XP level 11. HP: 103/109 MP: 11/11
  9117 | D:10     | Noticed a purple ugly thing
  9126 | D:10     | Killed a purple ugly thing
  9167 | D:10     | Noticed Psyche
  9176 | D:10     | Killed Psyche
  9301 | D:10     | Reached skill level 5 in Evocations
  9876 | D:11     | Acquired Makhleb's fifth power
 10115 | D:11     | Noticed a hill giant
 10382 | D:11     | Reached skill level 5 in Dodging
 10434 | D:11     | Noticed a seven-headed hydra
 10448 | D:11     | Paralysed by a wasp for 1 turns
 10460 | D:11     | Killed a seven-headed hydra
 10712 | D:11     | Noticed Harold
 10724 | D:11     | Noticed a hill giant
 10933 | D:11     | Killed a hill giant
 11087 | D:11     | Killed Harold
 11087 | D:11     | Reached XP level 12. HP: 118/118 MP: 13/15
 11125 | D:10     | Noticed a hill giant
 11390 | D:10     | Killed a hill giant
 11428 | Lair:1   | Entered Level 1 of the Lair of Beasts
 11668 | Lair:1   | Noticed Gastronok
 11773 | Lair:1   | Killed Gastronok
 12156 | Lair:1   | Reached skill level 10 in Throwing
 12523 | Lair:2   | Found a dark tunnel.
 12532 | Volcano  | Entered a volcano
 13694 | Lair:3   | Noticed a six-headed hydra
 13722 | Lair:3   | Killed a six-headed hydra
 13731 | Lair:3   | Noticed an eight-headed hydra
 13744 | Lair:3   | Killed an eight-headed hydra
 13744 | Lair:3   | Reached XP level 13. HP: 124/124 MP: 15/15
 15247 | Lair:4   | Found a staircase to the Shoals.
 15397 | Lair:4   | Found a staircase to the Snake Pit.
 16876 | Lair:5   | Reached skill level 5 in Invocations
 17559 | Lair:6   | Found a frozen archway.
 17639 | IceCv    | Entered an ice cave
 18011 | IceCv    | Found an ancient bone altar of Kikubaaqudgha.
 18071 | IceCv    | Reached XP level 14. HP: 124/137 MP: 20/20
 19126 | Lair:7   | Noticed Maud
 19136 | Lair:7   | Killed Maud
 20354 | Lair:7   | Learned a level 2 spell: Repel Missiles
 20357 | Lair:7   | Learned a level 2 spell: Blink
 20508 | Lair:8   | Entered Level 8 of the Lair of Beasts
 20523 | Lair:7   | Slain by a yak

Action                   |  1- 3 |  4- 6 |  7- 9 | 10-12 | 13-15 || total
-------------------------+-------+-------+-------+-------+-------++-------
Melee: Unarmed           |   121 |   253 |   401 |   785 |   954 ||  2514
 Fire: Blowgun           |       |       |    19 |    58 |    57 ||   134
Throw: Javelin           |    11 |    14 |    44 |    41 |    25 ||   135
       Stone             |       |       |     1 |       |       ||     1
       Large rock        |       |       |       |    44 |    15 ||    59
       Tomahawk          |       |       |       |    31 |   110 ||   141
Invok: Lesser Servant of |       |       |       |       |     6 ||     6
       Major Destruction |       |       |       |       |    18 ||    18
       Greater Servant o |       |       |       |       |     1 ||     1
 Abil: Evoke Invisibilit |       |       |       |    13 |     8 ||    21
       Turn Visible      |       |       |       |     1 |     1 ||     2
       Evoke Teleportati |       |       |       |     2 |       ||     2
Evoke: Wand              |       |       |       |     1 |    11 ||    12
       Box of beasts     |       |       |       |       |     2 ||     2
  Use: Scroll            |       |     5 |     8 |    21 |     6 ||    40
       Potion            |       |       |     1 |     3 |     2 ||     6
 Stab: Sleeping          |     1 |     1 |       |     1 |     8 ||    11
       Invisible         |       |       |       |    29 |    16 ||    45
       Distracted        |       |       |       |       |     4 ||     4
  Eat: Chunk             |    20 |    18 |    36 |    68 |    72 ||   214
       Royal jelly       |       |       |       |       |     2 ||     2
